AoeStats
← The Potato King

MegaRandom

509252062Analyzed
2v2 RM · 8d ago on Sep 26, 2026· 46m 52s· 4 players
Game mode
Random Map
Map size
Medium (4 player)
Population
200
Speed
Normal
Resources
Standard
Victory
Conquest
Starting age
Dark Age
Ending age
Imperial Age
RankedLock teamsTeams togetherTeam positionsShared explorationLock speedFull tech treeHidden civsTurbo modeCheats
Victory
Defeat
🇺🇸 Portuguese · United States
1297
+17
🇺🇸 Franks · United States
1294
+17
🇨🇱 Saxons · Chile
1376
-20
🇬🇧 Franks · United Kingdom
1248
-14
slapstickisfunny
6:38 Loom
9:47 Feudal Age
10:33 Double-Bit Axe
13:43 Fletching
18:18 Horse Collar
23:36 Castle Age
21:43 Padded Archer Armor
21:49 Man-at-Arms
22:32 Scale Mail Armor
23:40 Long Swordsman
23:44 Crossbowman
24:22 Bodkin Arrow
24:36 Gambesons
27:23 Arson
27:51 Bow Saw
27:44 Heavy Plow
31:10 Ballistics
31:20 Chain Mail Armor
31:15 Forging
34:58 Leather Archer Armor
35:18 Iron Casting
35:52 Gold Mining
35:53 Stone Mining
40:34 Imperial Age
38:42 Thumb Ring
38:19 Elite Skirmisher
40:14 Stone Shaft Mining
40:55 Wheelbarrow
42:14 Chemistry
41:15 Bracer
42:20 Ring Archer Armor
45:06 Arbalester
Ray
8:44 Loom
10:58 Feudal Age
17:14 Castle Age
15:07 Double-Bit Axe
16:16 Stone Mining
16:16 Gold Mining
16:44 Scale Barding Armor
17:55 Light Cavalry
22:57 Wheelbarrow
22:32 Town Watch
23:19 Forging
25:38 Husbandry
27:50 Chain Barding Armor
30:23 Gold Shaft Mining
31:27 Iron Casting
33:04 Bow Saw
33:34 Sanctity
38:37 Imperial Age
38:12 Fletching
38:44 Cavalier
39:34 Town Patrol
40:46 Plate Barding Armor
41:11 Blast Furnace
39:57 Paladin
41:01 Conscription
45:34 Hand Cart
45:48 Scale Mail Armor
45:48 Padded Archer Armor
45:43 Bodkin Arrow
Rodrigo
7:29 Loom
9:46 Feudal Age
10:20 Double-Bit Axe
19:20 Castle Age
18:38 Gold Mining
18:37 Horse Collar
19:23 Crossbowman
19:57 Fletching
20:52 Bodkin Arrow
25:08 Pikeman
26:37 Bow Saw
29:00 Padded Archer Armor
29:13 Forging
29:53 Ballistics
35:10 Imperial Age
33:16 Wheelbarrow
32:51 Pikeman
33:17 Gambesons
33:32 Squires
35:03 Scale Mail Armor
35:13 Forging
35:29 Arbalester
38:07 Thumb Ring
40:12 Halberdier
44:39 Conscription
44:27 Cavalier
45:07 Husbandry
45:18 Bloodlines
The Potato King
4:01 Loom
12:05 Feudal Age
13:16 Double-Bit Axe
14:57 Scale Barding Armor
15:03 Forging
17:41 Fletching
24:29 Castle Age
24:23 Gold Mining
24:36 Light Cavalry
25:45 Husbandry
36:40 Bodkin Arrow
42:48 Chain Barding Armor
Connection lost

Rejoining the realm…

Still unreachable

The connection could not be restored.

Session expired

The server has moved on; the page needs a fresh start.